 Dungeon Crawl Stone Soup version 0.13.0-7-g3df9ff1 (webtiles) character file.

130 Lilouch the Skirmisher (level 3, 0/30 HPs)
             Began as a Demonspawn Fighter on Oct 16, 2013.
             Was an Initiate of Nemelex Xobeh.
             Succumbed to a kobold's poison
             ... on Level 2 of the Dungeon.
             The game lasted 00:06:44 (1325 turns).

Lilouch the Skirmisher (Demonspawn Fighter)         Turns: 1325, Time: 00:06:45

HP   0/30        AC  6     Str 17      XL: 3   Next: 44%
MP   2/2         EV  6     Int  9      God: Nemelex Xobeh [......]
Gold 84          SH 18     Dex 12      Spells:  0 memorised,  2 levels left

Res.Fire  : . . .   See Invis. : .   a - +0 mace
Res.Cold  : . . .   Warding    : .   b - +0 scale mail
Life Prot.: . . .   Conserve   : .   c - +0 shield
Res.Poison: .       Res.Corr.  : .   (no helmet)
Res.Elec. : .       Clarity    : .   (no cloak)
Sust.Abil.: . .     Spirit.Shd : .   (no gloves)
Res.Mut.  : .       Stasis     : .   (no boots)
Res.Rott. : +       Flight     : .   (no amulet)
Saprovore : + . .                    (no ring)
                                     (no ring)

@: mildly poisoned, not resistant to hostile enchantments, extremely unstealthy
A: foul stench 1, saprovore 1
a: Renounce Religion


You were on level 2 of the Dungeon.
You worshipped Nemelex Xobeh.
Nemelex Xobeh was noncommittal.
You were not hungry.

You visited 1 branch of the dungeon, and saw 2 of its levels.

You collected 64 gold pieces.

Inventory:

Hand weapons
 a - a +0,+0 mace (weapon)
Missiles
 l - 36 stones (quivered)
 n - 3 needles of sleeping
 A - 2 poisoned darts
Armour
 b - a +0 scale mail (worn)
 c - a +0 shield (worn)
Comestibles
 f - a choko
 v - a lemon
 x - a chunk of bat flesh
 z - a chunk of adder flesh
Scrolls
 e - 2 scrolls of remove curse {unknown}
 g - a scroll of fog {unknown}
 h - a scroll of random uselessness {unknown}
 j - 2 scrolls of noise {unknown}
 u - a scroll of blinking {unknown}
 y - a scroll of identify {unknown}
Jewellery
 k - an uncursed amulet of inaccuracy {unknown}
 p - a cursed ring of hunger {unknown}
 w - an uncursed amulet of the gourmand {unknown}
Potions
 d - a potion of curing {unknown}
 i - a potion of restore abilities {unknown}
 m - a potion of flight {unknown}
 q - 2 potions of brilliance {unknown}
 s - a potion of mutation {unknown}
 t - a potion of magic {unknown}


   Skills:
 + Level 3.5 Fighting
 + Level 2.2 Maces & Flails
 + Level 3.0 Armour
 + Level 0.1 Dodging
 + Level 3.0 Shields


You had 2 spell levels left.
You didn't know any spells.

Dungeon Overview and Level Annotations

Branches:
Dungeon (2/27)

Altars:
Cheibriados
Nemelex Xobeh


Innate Abilities, Weirdness & Mutations

You emit a foul stench, and are resistant to rotting and decay.
You can tolerate rotten meat.


Message History

* * * LOW HITPOINT WARNING * * *
You feel sick.
* * * LOW HITPOINT WARNING * * *
You feel sick.
* * * LOW HITPOINT WARNING * * *
You feel sick.
You are feeling hungry.
* * * LOW HITPOINT WARNING * * *
You feel sick.
* * * LOW HITPOINT WARNING * * *
You feel sick.
Eat a rotting chunk of rat flesh? (ye/n/q/i?) This raw flesh tastes unpleasant.
* * * LOW HITPOINT WARNING * * *
You feel sick.
You continue eating.
* * * LOW HITPOINT WARNING * * *
You feel sick.
You die...
Your body disappears without a glow.

# #. #.# #...# #. #.#. #.#
#...# #.
#.#.###.#######...######.
...##.......#................
.........###.................
...###.#.# #.................
#.#.# #.####.#...#.##### #
#.# #.# #.#...#.# #.#.###@#
#.......# #.......# #.....#.#
###.##### #...#.#.# #.#
#..###..# #.# ##..#.#.#
..#########......#
###..............#####
#.#####..###.#......
#.##......#..#.####.


There were no monsters in sight!

Vanquished Creatures
  An adder (D:2)
  A gnoll (D:1)
  A giant cockroach (D:1)
  6 hobgoblins
  2 bats
  3 giant newts (D:1)
  4 goblins
  4 kobolds
  5 rats
27 creatures vanquished.

Notes
Turn   | Place    | Note
--------------------------------------------------------------
     0 | D:1      | Lilouch, the Demonspawn Fighter, began the quest for the Orb.
     0 | D:1      | Reached XP level 1. HP: 18/18 MP: 0/0
   198 | D:1      | Gained mutation: You can tolerate rotten meat. [demonic ancestry]
   198 | D:1      | Reached XP level 2. HP: 16/24 MP: 1/1
   805 | D:1      | Gained mutation: You emit a foul stench, and are resistant to rotting and decay. [demonic ancestry]
   805 | D:1      | Reached XP level 3. HP: 30/30 MP: 2/2
   983 | D:2      | Found a snail-covered altar of Cheibriados.
   983 | D:2      | Found a sparkling altar of Nemelex Xobeh.
   992 | D:2      | Became a worshipper of Nemelex Xobeh
  1324 | D:2      | HP: 1/30 [poisoned by a kobold]
  1325 | D:2      | Succumbed to a kobold's poison

Action                   || total
-------------------------++-------
Melee: Mace              ||    83
